 Dungeon Crawl Stone Soup version 0.16-a0-4088-g7c8221e (console) character file.

1185 mauris the Sneak (level 8, -2/62 HPs)
             Began as a Naga Wizard on Feb 23, 2015.
             Was an Initiate of Qazlal.
             Slain by Spolavi's ghost (11 damage)
             ... on level 6 of the Dungeon.
             The game lasted 00:37:40 (8648 turns).

mauris the Sneak (Naga Wizard)                      Turns: 8648, Time: 00:37:40

Health: -2/62      AC:  3    Str: 14    XL:     8   Next: 42%
Magic:  2/16       EV: 11    Int: 20    God:    Qazlal [......]
Gold:   246        SH:  0    Dex: 10    Spells: 4 memorised, 5 levels left

rFire  . . .     SeeInvis +     w - +3 dagger (flame)
rCold  + . .     Clarity  .     a - +0 robe
rNeg   + + .     SustAb   .     (no shield)
rPois  +         Gourm    .     b - +0 hat
rElec  .         Spirit   .     (no cloak)
rCorr  .         Warding  .     (no gloves)
rMut   .         Stasis   .     (no barding)
MR     +....                    (no amulet)
Stlth  ++++......               u - -3 ring of intelligence (curse)
                                l - ring "Uppulead" {Contam rC+ rN++ Str+4 Int+3}

@: very slightly contaminated, very slow, somewhat resistant to hostile
enchantments, stealthy
A: spit poison, see invisible, deformed body, poison resistance, slowness 2, AC
+2
a: Spit Poison, Renounce Religion


You were on level 6 of the Dungeon.
You worshipped Qazlal.
Qazlal was noncommittal.
You were very hungry.

You visited 2 branches of the dungeon, and saw 7 of its levels.
You also visited: Sewer.

You collected 246 gold pieces.

Inventory:

Hand weapons
 w - a +3 dagger of flaming (weapon)
 x - a +0 blowgun {@w1}
Missiles
 i - 82 poisoned needles
Armour
 a - a +0 robe (worn)
 b - a +0 hat (worn)
Jewellery
 g - a +4 ring of protection
 l - the ring "Uppulead" (left hand) {Contam rC+ rN++ Str+4 Int+3}
   (You found it on level 5 of the Dungeon)

   [ring of protection from cold]

   It affects your strength (+4).
   It affects your intelligence (+3).
   It protects you from cold.
   It greatly protects you from negative energy.
   It causes magical contamination when unequipped.
 u - a cursed -3 ring of intelligence (right hand)
 y - a +3 ring of intelligence
 z - an uncursed ring of protection from cold {unknown}
Scrolls
 m - a scroll of enchant weapon
 v - a scroll of enchant armour {unknown}
 D - a scroll of immolation {!r}
Potions
 e - a potion of curing {@q1}
 h - a potion of ambrosia {!q}
 j - a potion of cure mutation
 k - a potion of agility
 r - 3 potions of brilliance
Books
 c - a book of Minor Magic

   Spells                             Type                      Level
   a - Magic Dart                     Conjuration                  1
   b - Blink                          Translocation                2
   c - Call Imp                       Summoning                    2
   d - Repel Missiles                 Charms/Air                   2
   e - Slow                           Hexes                        2
   f - Conjure Flame                  Conjuration/Fire             3
   g - Mephitic Cloud                 Conjuration/Poison/Air       3
 s - a book of the Sky

   Spells                             Type                      Level
   a - Flight                         Charms/Air                   3
   b - Airstrike                      Air                          4
   c - Silence                        Hexes/Air                    5
   d - Deflect Missiles               Charms/Air                   6
   e - Conjure Ball Lightning         Conjuration/Air              6
   f - Tornado                        Air                          9
Comestibles
 d - 4 bread rations
 f - 3 meat rations
 n - a beef jerky


   Skills:
 + Level 4.4 Dodging
 - Level 7.8 Stealth
 - Level 3.0 Spellcasting
 - Level 7.0 Conjurations
   Level 1.0 Summonings
 - Level 1.0 Translocations


You had 5 spell levels left.
You knew the following spells:

 Your Spells              Type           Power        Failure   Level  Hunger
a - Magic Dart            Conj           ####         1%          1    None
b - Conjure Flame         Conj/Fire      ###.....     12%         3    ###....
r - Repel Missiles        Chrm/Air       #.....       24%         2    ##.....
B - Blink                 Tloc           N/A          17%         2    ##.....


Dungeon Overview and Level Annotations

Branches:
Dungeon (6/15)             Temple (1/1) D:4

Altars:
Ashenzari
Dithmenos
Elyvilon
Fedhas
Gozag
Kikubaaqudgha
Makhleb
Qazlal
Ru
Sif Muna
Trog
Vehumet
Xom
Yredelemnul
The Shining One

Annotations:
D:3 exclusion: 2 orc priests
D:5 very scary yaks!
D:6 Spolavi's ghost, experienced MiBe


Innate Abilities, Weirdness & Mutations

You cannot wear boots.
You can spit poison.
Your serpentine skin is tough (AC +2).
You have supernaturally acute eyesight.
Armour fits poorly on your strangely shaped body.
Your system is resistant to poisons.
You cover ground very slowly.


Message History

Casting: Magic Dart
Confirm with . or Enter, or press ? or * to list all spells.
Aiming: Magic Dart
Press: ? - help, Shift-Dir - straight line, f/p - Spolavi's ghost
Aim: Spolavi's ghost, wielding a vampiric weapon (lightly damaged, inner flame)
The magic dart hits Spolavi's ghost.
Spolavi's ghost is lightly damaged.
Casting: Magic Dart
Confirm with . or Enter, or press ? or * to list all spells.
Aiming: Magic Dart
Press: ? - help, Shift-Dir - straight line, f/p - Spolavi's ghost
Aim: Spolavi's ghost, wielding a vampiric weapon (lightly damaged, inner flame)
The magic dart hits Spolavi's ghost.
Spolavi's ghost is lightly damaged.
Spolavi's ghost hits you! Spolavi's ghost barely misses you.
Huge Dmg: -13%(-8hp) hp: 33%(20hp) Spolavi's ghost hits you!
* * * LOW HITPOINT WARNING * * *
Spolavi's ghost hits you!
You die...

##...## #...#### #...#..##
##....###......######....##
##.........#.......##...##
.............#..........###
####..................#...#
##................######
#..##.............#
##.######.....W....# ##..#
####.@..#..# ###..##
#...##..## .##..#
##..####..# ....## #..##
#..# ....# ##..# ##.##
....# #..## #..# ...##
##.## ##.# ....## ##..#
#.## .....## ##..## ##..##


You could see Spolavi's ghost (inner flame).

Vanquished Creatures
  An orc warrior (D:6)
  Purgy (Sewer)
  A phantom (D:6)
  2 ogres (D:5)
  A scorpion (D:6)
  5 wights (D:6)
  2 hounds
  A centaur zombie (D:6)
  A crimson imp (D:6)
  4 worker ants
  2 orc wizards (D:6)
  8 adders
  A giant mite (D:6)
  An adder skeleton (D:4)
  An adder zombie (D:5)
  2 oozes
  13 orcs
  19 bats
  4 giant cockroaches
  8 goblins
  7 hobgoblins
  7 jackals
  2 quokkas (D:2)
  3 ball pythons
  2 giant geckos (D:1)
  5 giant newts
  18 kobolds
  15 rats
137 creatures vanquished.

Notes
Turn   | Place    | Note
--------------------------------------------------------------
     0 | D:1      | mauris, the Naga Wizard, began the quest for the Orb.
     0 | D:1      | Reached XP level 1. HP: 15/15 MP: 4/4
    22 | D:1      | Huge Dmg: 5 Dmg
    23 | D:1      | Huge Dmg: 4 Dmg
   328 | D:1      | Reached XP level 2. HP: 22/22 MP: 3/6
   980 | D:1      | Reached XP level 3. HP: 28/28 MP: 3/7
  1073 | D:1      | Learned a level 2 spell: Blink
  1076 | D:1      | Learned a level 2 spell: Repel Missiles
  1080 | D:1      | Learned a level 3 spell: Conjure Flame
  1200 | D:2      | Huge Dmg: 6 Dmg
  1202 | D:2      | Huge Dmg: 5 Dmg
  1206 | D:2      | Huge Dmg: 4 Dmg
  2350 | D:2      | Reached XP level 4. HP: 33/36 MP: 3/9
  2575 | D:2      | Reached skill level 4 in Conjurations
  3044 | D:3      | Huge Dmg: 7 Dmg
  3181 | D:3      | Found a glowing drain.
  3189 | Sewer    | Entered a sewer
  3203 | Sewer    | Reached XP level 5. HP: 42/42 MP: 3/11
  3345 | Sewer    | Noticed Purgy
  3358 | Sewer    | Killed Purgy
  3358 | Sewer    | Reached skill level 5 in Conjurations
  3829 | D:3      | Huge Dmg: 4 Dmg
  3830 | D:3      | Huge Dmg: 3 Dmg
  4080 | D:4      | Reached XP level 6. HP: 40/49 MP: 3/12
  4221 | D:4      | Reached skill level 6 in Conjurations
  4463 | D:4      | Found a deep blue altar of Sif Muna.
  4492 | D:4      | Found a basalt altar of Yredelemnul.
  4570 | D:4      | Found a staircase to the Ecumenical Temple.
  4579 | Temple   | Entered the Ecumenical Temple
  4878 | D:4      | Huge Dmg: 11 Dmg
  4881 | D:4      | Found a shattered altar of Ashenzari.
  5313 | D:4      | Found an opulent altar of Gozag.
  5369 | D:5      | Entered Level 5 of the Dungeon
  5398 | D:5      | Got a sparkling turquoise ring
  5401 | D:5      | Identified the ring "Uppulead" {Contam rC+ rN++ Str+4 Int+3} (You found it on level 5 of the Dungeon)
  5419 | D:5      | Huge Dmg: 20 Dmg
  5523 | D:5      | Noticed a yak
  5523 | D:5      | Noticed a yak
  5523 | D:5      | Noticed a yak
  5523 | D:5      | Noticed a yak
  5525 | D:5      | Noticed a yak
  5548 | D:4      | thank god
  5910 | D:5      | Reached skill level 7 in Conjurations
  5964 | D:5      | Reached XP level 7. HP: 55/55 MP: 12/14
  6029 | D:5      | Huge Dmg: 21 Dmg
  6065 | D:5      | Huge Dmg: 15 Dmg
  6777 | D:6      | Noticed Spolavi's ghost (experienced MiBe)
  6815 | D:6      | Reached skill level 5 in Stealth
  6994 | D:6      | Found a glowing golden altar of the Shining One.
  6994 | D:6      | Found a burning altar of Makhleb.
  6995 | D:6      | Found a stormy altar of Qazlal.
  7001 | D:6      | Became a worshipper of Qazlal Stormbringer
  7305 | D:5      | boom parked
  7797 | D:6      | Reached XP level 8. HP: 52/62 MP: 10/16
  8384 | D:6      | Huge Dmg: 11 Dmg
  8519 | D:6      | Huge Dmg: 30 Dmg
  8520 | D:6      | Huge Dmg: 13 Dmg
  8628 | D:6      | Huge Dmg: 11 Dmg
  8647 | D:6      | Huge Dmg: 8 Dmg
  8648 | D:6      | Slain by Spolavi's ghost

Action                   |  1- 3 |  4- 6 |  7- 9 || total
-------------------------+-------+-------+-------++-------
Melee: Unarmed           |    15 |     7 |       ||    22
       Dagger            |       |    37 |    16 ||    53
 Fire: Blowgun           |       |       |     1 ||     1
 Cast: Magic Dart        |    92 |   133 |   157 ||   382
       Blink             |       |     5 |    12 ||    17
       Conjure Flame     |       |     3 |     5 ||     8
 Abil: Spit Poison       |       |     5 |     7 ||    12
  Use: Scroll            |     4 |    12 |     2 ||    18
       Potion            |     1 |       |     2 ||     3
  Eat: Chunk             |     4 |    11 |     5 ||    20
       Pizza             |       |     1 |       ||     1
       Beef jerky        |       |       |     2 ||     2

Vault maps used:
D:1:      lightli_iron_boxes, minmay_cut_off
D:2:      first_bread, minmay_misc_feat_nine_boxes
D:3:      lightli_sewer_entry_pipes, minmay_surrounded
D:4:      lemuel_crystal_altar, kennysheep_mini_moat,
          nicolae_overflow_hidden_temple, yredelemnul_altar_generic,
          minmay_temple_entry_overgrown, serial_corexii_hall,
          corexii_hall_statues_l, corexii_hall_statues_deadend,
          corexii_hall_statues_t, minmay_tree_intersection,
          minmay_misc_feat_hallway, kennysheep_generic_room_13
D:6:      gammafunk_temple_overflow_claw
Temple:   minmay_temple_bridge_a_8
Sewer:    sewer_the_crocodile
